 Dungeon Crawl Stone Soup version 0.30-a0-177-g1cb5dbfd7a (webtiles) character file.

Game seed: 13748464318924955399

74 trckry the Digger (level 4, -3/32 HPs)
             Began as a Formicid Earth Elementalist on Oct 3, 2022.
             Slain by an iguana (10 damage)
             ... on level 5 of the Dungeon.
             The game lasted 00:06:20 (2548 turns).

trckry the Digger (Formicid Earth Elementalist)     Turns: 2548, Time: 00:06:20

Health: -3/32      AC:  6    Str: 12    XL:     4   Next: 52%
Magic:  0/7        EV: 12    Int: 17    God:
Gold:   131        SH:  0    Dex: 14    Spells: 4/8 levels left

rFire   + . .      SeeInvis +    f - +2 hand axe (flame)
rCold   . . .      Faith    .    (no shield)
rNeg    . . .      Spirit   .    l - +3 robe of Ynwok {rF+}
rPois   .          Reflect  .    (helmet unavailable)
rElec   .          Harm     .    (no cloak)
rCorr   .          Rampage  .    (no gloves)
Will    .....                    h - +0 pair of boots
Stlth   ++........               (no amulet)
HPRegen 0.25/turn                (no ring)
MPRegen 0.10/turn                (no ring)

@: no status effects
A: permanent stasis, dig shafts and tunnels, antennae 3, four strong arms
a: Dig, Shaft Self


You were on level 5 of the Dungeon.
You visited 1 branch of the dungeon, and saw 5 of its levels.

You collected 131 gold pieces.

Inventory:

Hand Weapons
 f - a +2 hand axe of flaming (weapon)
Armour
 h - a +0 pair of boots (worn)
 l - the +3 robe of Ynwok (worn) {rF+}
   (You found it on level 3 of the Dungeon)

   rF:        It protects you from fire.
Scrolls
 c - a scroll of noise {unknown}
 g - a scroll of silence {unknown}
 i - a scroll of teleportation {unknown}
 j - a scroll of immolation {unknown}
 k - 2 scrolls of identify {unknown}
Potions
 b - 2 potions of magic
 d - a potion of mutation {unknown}
 e - a potion of attraction {unknown}


   Skills:
 + Level 1.1 Fighting
 + Level 1.0 Armour
 + Level 2.1 Dodging
 + Level 2.8 Stealth
 + Level 2.6 Spellcasting
 * Level 0.2 Conjurations
 + Level 1.8 Transmutations
 * Level 4.4 Earth Magic


You had 4 spell levels left.
You knew the following spells:

 Your Spells              Type           Power      Damage    Failure   Level
a - Sandblast             Erth           34%        2d9       3%          1
b - Stone Arrow           Conj/Erth      20%        3d8       21%         3

Your spell library contained the following spells:

 Spells                   Type           Power      Damage    Failure   Level
 Passwall                 Tmut/Erth      10%        N/A       8%          2
 Apportation              Tloc           4%         N/A       19%         1
 Petrify                  Tmut/Erth      12%        N/A       45%         4


Dungeon Overview and Level Annotations

Branches:
Dungeon (6/15) Zot: 26936
 Temple: D:4-7

Altars:
Wu Jian


Innate Abilities, Weirdness & Mutations

You cannot be hasted, slowed, berserked, paralysed or teleported.
You can dig through walls and to a lower floor.
You have a pair of large antennae on your head. (SInv)
Your four strong arms can wield two-handed weapons with a shield.


Message History

The iguana is moderately wounded.
The iguana closely misses you.
You now have 3/7 mp.
Casting: Sandblast (safe; 3% risk of failure)
Confirm with . or Enter, or press ? or * to list all spells.
Aiming: Sandblast (safe; 3% risk of failure)
Press: ? - help, Shift-Dir - straight line, f/p - iguana
Aim: an iguana (moderately wounded, 84% to hit)
The blast of sand hits the iguana.
The iguana is heavily wounded.
The iguana bites you.
* * * LOW HITPOINT WARNING * * *
The iguana barely misses you.
You take 3 damage, and have 8/32 hp.
You now have 2/7 mp.
Casting: Sandblast (safe; 3% risk of failure)
Confirm with . or Enter, or press ? or * to list all spells.
You don't have enough magic to cast this spell.
Casting: Sandblast (safe; 3% risk of failure)
Confirm with . or Enter, or press ? or * to list all spells.
Aiming: Sandblast (safe; 3% risk of failure)
Press: ? - help, Shift-Dir - straight line, f/p - iguana
Aim: an iguana (heavily wounded, 84% to hit)
The blast of sand hits the iguana.
The iguana is almost dead.
The iguana bites you.
* * * LOW HITPOINT WARNING * * *
You take 2 damage, and have 6/32 hp.
You now have 1/7 mp.
Casting: Sandblast (safe; 3% risk of failure)
Confirm with . or Enter, or press ? or * to list all spells.
Aiming: Sandblast (safe; 3% risk of failure)
Press: ? - help, Shift-Dir - straight line, f/p - iguana
Aim: an iguana (almost dead, 84% to hit)
The blast of sand hits the iguana.
The iguana is almost dead.
The iguana barely misses you. x2
You now have 0/7 mp.
You hit the iguana but do no damage.
The iguana is almost dead.
The iguana bites you!
You die...

##...........# ..###....
##............##..........
.........(................
.................#........
...........#### #(.......
...........)..## #.....#
........#......###..#
#.......##.....##.>.#
#.....#.##......@l..#
......####...##.........
......###..####..#.#.....
#..........# ...###.....
......#...## ..#.# .....
.>..###....##.#..# .....
#.#.##..#......... .#.
#.###...#.......#. ...
#..###..##.#


You could see an iguana.

Vanquished Creatures
  4 dancing weapons (D:1)
  An adder (D:2)
  3 worms (D:2)
  An orc (D:5)
  7 endoplasms
  4 giant cockroaches
  6 goblins
  4 hobgoblins
  3 jackals (D:1)
  4 quokkas
  4 ball pythons
  2 bats (D:1)
  3 frilled lizards
  5 kobolds (D:1)
  3 rats
54 creatures vanquished.

Notes
Turn   | Place    | Note
-------+----------+-------------------------------------------
     0 | D:1      | trckry the Formicid Earth Elementalist began the quest for
                  | the Orb.
     0 | D:1      | Reached XP level 1. HP: 13/13 MP: 3/3
   250 | D:1      | Found a faded altar of an unknown god.
   253 | D:1      | Reached XP level 2. HP: 19/19 MP: 1/5
   259 | D:1      | Got Plato's Teachings on Peregrination
   260 | D:1      | Prayed at the altar of an unknown god.
   260 | D:1      | Became a worshipper of the Wu Jian Council
   260 | D:1      | Reached * piety under Wu Jian
   299 | D:1      | Fell from the grace of Wu Jian
   441 | D:1      | Reached skill level 4 in Earth Magic
   525 | D:1      | Reached XP level 3. HP: 25/25 MP: 3/6
   640 | D:1      | Noticed a +2 vorpal broad axe
   640 | D:1      | Noticed a +2 glaive of electrocution
   640 | D:1      | Noticed a +1 rapier of flaming
   640 | D:1      | Noticed a +2 glaive of speed
   640 | D:1      | Killed a +2 glaive of electrocution
   642 | D:1      | Killed a +2 vorpal broad axe
   645 | D:1      | Killed a +1 rapier of flaming
   645 | D:1      | Killed a +2 glaive of speed
  1302 | D:2      | Learned a level 3 spell: Stone Arrow
  1436 | D:2      | Reached skill level 1 in Fighting
  1436 | D:2      | Reached XP level 4. HP: 32/32 MP: 1/7
  1609 | D:2      | Reached skill level 1 in Armour
  2379 | D:3      | Identified the +3 robe of Ynwok {rF+}
  2407 | D:3      | You fall into a shaft and drop 3 floors!
  2491 | D:5      | Entered Level 5 of the Dungeon
  2548 | D:5      | Slain by an iguana

Illustrated notes

Levels and vault maps discovered:
D:1:      evilmike_arrival_crescent, layout_loops_ring,
          shapermc_ecumenical_altar_rom_forum, chequers_serial_rivers_micro_a
D:2:      layout_basic, kennysheep_boxes
D:3:      layout_basic, mainiacjoe_overflow_paths,
          yredelemnul_forgotten_temple_becter, uniq_grinder
D:5:      layout_cave_pools, eat_drink_and_be_merry_uskayaw, temple_hall
D:6:      minmay_razor_zed, layout_loops_ring, roderic_roman_lattice,
          minmay_bent

Skill      XL: |  1  2  3  4 |
---------------+-------------+-----
Earth Magic    | 4 |  4.4
Dodging        | 2 |  2.1
Fighting       | 1 |  1.1
Armour         | 1 |  1.0
Stealth        | |  2.8
Spellcasting   | |  2.6
Conjurations   | |  0.2
Transmutations | |  1.8

Action                   |  1- 3 |  4- 6 || total
-------------------------+-------+-------++-------
Melee: Hand axe          |     5 |     6 ||    11
 Cast: Sandblast         |    55 |    19 ||    74
Invok: Renounce Religion |     1 |       ||     1
Armor: Robe              |     2 |     3 ||     5
Dodge: Dodged            |     6 |     7 ||    13

Table legend: (Time is in decaauts)
 A = Elapsed time spent in this place.
 B = Non-inter-level travel time spent in this place.
 C = Inter-level travel time spent in this place.
 D = Time resting spent in this place.
 E = Time spent auto-exploring this place.
 F = Levels seen in this place.
 G = Mean time per level.
                   A        B        C        D        E       F      G
               +--------+--------+--------+--------+--------+-----+--------+
         Total |   2617 |   2564 |     53 |     28 |   2021 |   5 |  523.4 |
       Dungeon |   2617 |   2564 |     53 |     28 |   2021 |   5 |  523.4 |
               +--------+--------+--------+--------+--------+-----+--------+

Top non-repeatable levels by time:
     D:1: 1293 daAuts
     D:2: 1145 daAuts
     D:6: 83 daAuts
     D:5: 61 daAuts
     D:3: 32 daAuts
